 Dungeon Sprint DCSS version 0.24.0-1-gfbc8707 (webtiles) character file.

Game seed: 6428295406071536833, levelgen mode: deterministic

5702 Fang the Fighter (level 10, -3/111 HPs)
             Began as a Gargoyle Berserker on Nov 6, 2019.
             Was the Champion of Trog.
             Engulfed by a red draconian's flame (20 damage)
             ... in the Dungeon (Sprint V: "Ziggurat Sprint").
             The game lasted 00:02:18 (794 turns).

Fang the Fighter (Gargoyle Berserker)                Turns: 794, Time: 00:02:18

Health: -3/111     AC: 34    Str: 41    XL:     10   Next: 76%
Magic:  10/10      EV:  6    Int:  8    God:    Trog [******]
Gold:   0          SH: 29    Dex:  9    Spells: 9/9 levels left

rFire    . . .     SeeInvis .   a - +5 broad axe
rCold    . . .     Gourm    .   E - +18 shield of the Gong {rElec rN+ MR+ EV-5}
rNeg     + + .     Faith    .   b - +15 Maxwell's patent armour {-Cast -Tele rElec MR+ rCorr}
rPois    ∞         Spirit   .   (no helmet)
rElec    +         Reflect  +   (no cloak)
rCorr    +         Harm     .   (no gloves)
MR       ++...     NoTele   +   (no boots) Stlth ..........NoCast +
                                x - +2 amulet of reflection
HPRegen  0.28/turn              C - +6 ring of strength
MPRegen  0.12/turn              D - +6 ring of strength

@: berserking, corroded, very quick
A: negative energy resistance 1, electricity resistance, unbreathing,
petrification resistance, rot immunity, AC +7
a: Berserk, Trog's Hand, Brothers in Arms, Renounce Religion


You were in the Dungeon.
You worshipped Trog.
Trog was exalted by your worship.
You were very hungry.

You visited 1 branch

Inventory:

Hand Weapons
 a - a +5 broad axe (weapon)
 G - the +7 battleaxe of Trog's Outrage {freeze, *Slow rC+ MR+ Dex+4}
   (Trog gifted it to you in the Dungeon)

   It has been specially enchanted to freeze those struck by it, causing extra
   injury to most foes and up to half again as much damage against particularly
   susceptible opponents.
   It can also slow down cold-blooded creatures.
   It affects your dexterity (+4).
   It protects you from cold.
   It affects your resistance to hostile enchantments.
   It may slow you when you take damage.
 M - the +8 battleaxe of an ice cave {chop, rElec}
   (Trog gifted it to you in the Dungeon)

   It inflicts extra damage upon your enemies.
   It insulates you from electricity.
Armour
 b - the +15 Maxwell's patent armour (worn) {-Cast -Tele rElec MR+ rCorr}
   (You found it in the Dungeon)

   It insulates you from electricity.
   It affects your resistance to hostile enchantments.
   It prevents spellcasting.
   It prevents most forms of teleportation.
   It provides partial protection from all sources of acid and corrosion.
 E - the +18 shield of the Gong (worn) {rElec rN+ MR+ EV-5}
   (You found it in the Dungeon)

   It affects your evasion (-5).
   It insulates you from electricity.
   It protects you from negative energy.
   It affects your resistance to hostile enchantments.
Jewellery
 g - a +5 ring of intelligence
 o - the ring of Meadixo {rElec rC+++ Int+5}
   (You found it in the Dungeon)

   [ring of intelligence]

   It affects your intelligence (+5).
   It renders you almost immune to cold.
   It insulates you from electricity.
 x - a +2 amulet of reflection (around neck)
 y - the amulet of Jisaorhear {Reflect Str+3 SH+4}
   (You found it in the Dungeon)

   [amulet of reflection]

   It shields you and reflects attacks.
   It affects your strength (+3).
   It affects your SH (+4).
 A - an uncursed amulet of regeneration
 B - the ring "Sahuckaqay" {rN+ MR+ Int+4}
   (You found it in the Dungeon)

   [ring of intelligence]

   It affects your intelligence (+4).
   It protects you from negative energy.
   It affects your resistance to hostile enchantments.
 C - a +6 ring of strength (left hand)
 D - a +6 ring of strength (right hand)
 F - an uncursed amulet of the acrobat
 H - the ring "Jedyeth" {Ice +Blink MR+}
   (You found it in the Dungeon)

   [ring of ice]

   It enhances your ice magic.
   It makes you vulnerable to fire.
   It protects you from cold.
   It affects your resistance to hostile enchantments.
   It lets you blink.
 I - an uncursed ring of resist corrosion
 K - an uncursed ring of stealth
 L - a +5 ring of strength
Wands
 u - a wand of disintegration (7)
 v - a wand of iceblast (7)
 w - a wand of acid (7)
Scrolls
 i - 4 scrolls of blinking
 j - 7 scrolls of fog
 k - a scroll of holy word
 l - 3 scrolls of identify
 m - 5 scrolls of remove curse
 n - 2 scrolls of fear
 z - 4 scrolls of enchant armour
Potions
 d - 10 potions of curing
 e - 14 potions of heal wounds
 f - 6 potions of haste
 h - 3 potions of berserk rage
 p - 2 potions of invisibility
 q - 4 potions of resistance
 r - a potion of experience
 s - 5 potions of agility
 t - 7 potions of might
Comestibles
 c - 7 rations
 J - 6 chunks of flesh


   Skills:
 + Level 13.8 Fighting
 + Level 11.9 Axes
 + Level 13.6 Armour
 + Level 10.8 Dodging


You had 9 spell levels left.
You didn't know any spells.
Your spell library was empty.

Dungeon Overview and Level Annotations

Branches:
Dungeon (1/1)

Altars:
Ashenzari
Cheibriados
Dithmenos
Elyvilon
Fedhas
Gozag
Hepliaklqana
Kikubaaqudgha
Makhleb
Nemelex Xobeh
Okawaru
Qazlal
Ru
Sif Muna
Trog
Uskayaw
Vehumet
Wu Jian
Xom
Yredelemnul
Zin
The Shining One
Beogh
Jiyva
Lugonu

Annotations:
D 1 transporter


Innate Abilities, Weirdness & Mutations

You are resistant to torment.
Your stone body is resilient. (AC +7)
You are immune to poison.
You resist negative energy. (rN+)
You are resistant to electric shocks. (rElec)
You can survive without breathing.
You are immune to petrification.
You are immune to rotting.


Message History

The purple draconian breathes dispelling energy at you.
The bolt of dispelling energy hits you but does no damage.
The yellow draconian throws acid at you.
The glob of acid hits you! You resist. The acid corrodes you!
You are splashed with acid.
You resist.
Found five items.
The red draconian breathes flames at you.
The searing blast hits you!!!
Ouch! That really hurt!
* * * LOW HITPOINT WARNING * * *
The purple draconian breathes dispelling energy at you.
The bolt of dispelling energy hits you!
Your magical effects are unravelling.
* * * LOW HITPOINT WARNING * * *
Found a transporter.
A red film seems to cover your vision as you go berserk!
You feel yourself moving faster!
You feel mighty!
You are feeling very hungry.
You are engulfed in blazing flames.
You die...

▓▓▓▓▓▓▓▓▓▓▓▓▓▓▓▓▓▓▓
▓...8©8...▓...8©8...▓
▓..:}d))..▓...:.))..▓
▓..|:dd)..▓..÷)[):..▓
▓...d.dd..▓.........▓
▓.qd.d....▓.....)...▓
▓....d....▓...))÷...▓
▓.........▓...).....▓
▓....@....▓.▓.....▓.▓
▓.........▓....©....▓
▓....©....▓▓▓▓▓▓▓▓▓▓▓
▓▓▓▓▓▓▓▓▓▓▓


You could see a black draconian, 2 draconians, 3 draconians, 2 draconians, a
white draconian and a yellow draconian scorcher.

Vanquished Creatures
  4 black mambas (D)
  3 naga magi (D)
  2 ancient zymes (D)
  A hippogriff (D)
  A yak (D)
  2 spriggans (D)
  A ynoxinul (D)
  A hell hound (D)
  8 nagas (D)
  5 water moccasins (D)
  A porcupine (D)
  A crocodile (D)
  A wolf (D)
  2 bullfrogs (D)
  4 scorpions (D)
  A crimson imp (D)
  4 adders (D)
  2 white imps (D)
  An adder skeleton (D)
  4 ball pythons (D)
  A bat zombie (D)
  4 jackals (D)
54 creatures vanquished.

Notes
Turn   | Place    | Note
-------+----------+-------------------------------------------
     0 | D        | Fang the Gargoyle Berserker began the quest for the Orb.
     0 | D        | Reached XP level 1. HP: 14/14 MP: 1/1
     0 | D        | Found a blossoming altar of Fedhas.
     1 | D        | Found the +6 Majin-Bo {vamp, Archmagi MP+6 Int+6}
     1 | D        | Found the +7 great mace "Firestarter" {inner flame, rF++}
     1 | D        | Found a transporter.
     1 | D        | Found a viscous altar of Jiyva.
     1 | D        | Found an ancient bone altar of Kikubaaqudgha.
     1 | D        | Found a hazy altar of Hepliaklqana.
     1 | D        | Found a corrupted altar of Lugonu.
     1 | D        | Found an opulent altar of Gozag.
     1 | D        | Found a burning altar of Makhleb.
    19 | D        | Found an iron altar of Okawaru.
    19 | D        | Found a sparkling altar of Nemelex Xobeh.
    19 | D        | Found a stormy altar of Qazlal.
    19 | D        | Found a sacrificial altar of Ru.
    19 | D        | Found a shimmering blue altar of Sif Muna.
    24 | D        | Found the +9 heavy crossbow "Sniper" {velocity, Acc+∞ SInv}
    24 | D        | Found the +10 dark maul {crush}
    24 | D        | Found the +15 Maxwell's patent armour {-Cast -Tele rElec
                  | MR+ rCorr}
    24 | D        | Found the +18 shield of the Gong {rElec rN+ MR+ EV-5}
    24 | D        | Found the cursed +14 obsidian axe {chop, +Fly SInv *Curse}
    30 | D        | Found a bloodstained altar of Trog.
    75 | D        | Entered arena 2.
    75 | D        | Noticed a spriggan
    75 | D        | Noticed a spriggan
    75 | D        | Found a transporter.
    90 | D        | Killed a spriggan
    90 | D        | Reached skill level 5 in Axes
    90 | D        | Reached skill level 5 in Armour
    90 | D        | Reached XP level 2. HP: 23/23 MP: 2/2
    90 | D        | Reached XP level 3. HP: 28/28 MP: 3/3
    90 | D        | Reached XP level 4. HP: 32/32 MP: 4/4
    90 | D        | Reached XP level 5. HP: 37/37 MP: 5/5
    91 | D        | Killed a spriggan
    91 | D        | Reached skill level 5 in Dodging
    91 | D        | Reached XP level 6. HP: 44/44 MP: 6/6
   141 | D        | Entered arena 3.
   141 | D        | Noticed a hell hound
   141 | D        | Found a transporter.
   142 | D        | Found the +2 shield of Resistance {rF+ rC+ MR+}
   143 | D        | Reached ** piety under Trog
   148 | D        | Killed a hell hound
   148 | D        | Reached XP level 7. HP: 28/50 MP: 7/7
   330 | D        | Entered arena 4.
   330 | D        | Found a transporter.
   336 | D        | Reached *** piety under Trog
   347 | D        | Entered arena 5.
   347 | D        | Found a transporter.
   352 | D        | Reached **** piety under Trog
   352 | D        | Reached XP level 8. HP: 57/57 MP: 8/8
   353 | D        | Reached skill level 10 in Fighting
   361 | D        | Entered arena 6.
   361 | D        | Found a transporter.
   362 | D        | Reached ***** piety under Trog
   365 | D        | Reached skill level 10 in Armour
   366 | D        | Received a gift from Trog
   379 | D        | Got the amulet of Jisaorhear {Reflect Str+3 SH+4}
   387 | D        | Entered arena 7.
   387 | D        | Noticed a yak
   387 | D        | Noticed a hippogriff
   388 | D        | Found the +6 lightning scales {run, rElec}
   388 | D        | Found a transporter.
   394 | D        | Killed a hippogriff
   397 | D        | Killed a yak
   399 | D        | Reached XP level 9. HP: 64/64 MP: 9/9
   418 | D        | Got the ring "Sahuckaqay" {rN+ MR+ Int+4}
   427 | D        | Entered arena 8.
   427 | D        | Noticed an ancient zyme
   427 | D        | Noticed an ancient zyme
   428 | D        | Found a transporter.
   434 | D        | Killed an ancient zyme
   436 | D        | Killed an ancient zyme
   436 | D        | Received a gift from Trog
   436 | D        | Reached skill level 10 in Axes
   471 | D        | Entered arena 9.
   471 | D        | Noticed a black mamba
   471 | D        | Noticed a black mamba
   471 | D        | Noticed a black mamba
   471 | D        | Noticed a black mamba
   472 | D        | Found a transporter.
   478 | D        | Killed a black mamba
   482 | D        | Killed a black mamba
   482 | D        | Received a gift from Trog
   483 | D        | Killed a black mamba
   483 | D        | Reached XP level 10. HP: 42/72 MP: 10/10
   483 | D        | Reached ****** piety under Trog
   486 | D        | Killed a black mamba
   486 | D        | Reached skill level 10 in Dodging
   495 | D        | Identified the +7 battleaxe of Trog's Outrage {freeze,
                  | *Slow rC+ MR+ Dex+4} (Trog gifted it to you in the Dungeon)
   580 | D        | Got the ring "Jedyeth" {Ice +Blink MR+}
   679 | D        | Entered arena 10.
   679 | D        | Noticed a naga mage
   679 | D        | Noticed a naga mage
   680 | D        | Found a transporter.
   692 | D        | Killed a naga mage
   692 | D        | Killed a naga mage
   692 | D        | Received a gift from Trog
   705 | D        | Got the ring of Meadixo {rElec rC+++ Int+5}
   734 | D        | Entered arena 11.
   734 | D        | Noticed a naga mage
   735 | D        | Found a transporter.
   735 | D        | Received a gift from Trog
   757 | D        | Killed a naga mage
   757 | D        | Received a gift from Trog
   780 | D        | Identified the +8 battleaxe of an ice cave {chop, rElec}
                  | (Trog gifted it to you in the Dungeon)
   791 | D        | Entered arena 12.
   791 | D        | Noticed a purple draconian
   791 | D        | Noticed a white draconian
   791 | D        | Noticed a red draconian
   791 | D        | Noticed a yellow draconian
   791 | D        | Noticed a purple draconian
   791 | D        | Noticed a yellow draconian scorcher
   792 | D        | Noticed a yellow draconian
   792 | D        | Identified the +9 halberd of Reapportionment {elec, MR+}
   792 | D        | Noticed a black draconian
   792 | D        | Noticed a purple draconian
   792 | D        | Noticed a red draconian
   793 | D        | Found a transporter.
   794 | D        | Engulfed by a red draconian's flame

Levels and vault maps discovered:
D:        sprint_v [room_start, room_1, room_2, room_3, room_4, room_5, room_6,
          room_7, room_8, room_9, room_10, room_11, room_12, room_13, room_14,
          room_15, room_16, room_17, room_18, room_19, room_20, room_21,
          room_22, room_23, room_24, room_25, room_26, room_27]

Skill      XL: |  1  2  3  4  5  6  7  8  9 10 |
---------------+-------------------------------+-----
Fighting       | 6 7 8 9 11 12 13 | 13.8
Axes           | 5 6 7 8 9 10 11 | 11.9
Armour         | 5 7 8 9 10 12 13 | 13.6
Dodging        | 4 5 6 7 8 9 10 | 10.8

Action                   |  1- 3 |  4- 6 |  7- 9 | 10-12 || total
-------------------------+-------+-------+-------+-------++-------
Melee: Broad axe         |    14 |     7 |    48 |    32 ||   101
Invok: Berserk           |     1 |     1 |     3 |     2 ||     7
  Use: Scroll            |       |       |       |     2 ||     2
  Eat: Chunk             |       |       |     2 |     3 ||     5
Armor: Plate armour      |    12 |     2 |    58 |    12 ||    84
Dodge: Dodged            |       |       |    18 |     5 ||    23
Block: Shield            |    23 |    15 |   111 |    57 ||   206
       Reflection        |       |       |     1 |     8 ||     9
